 Dungeon Crawl Stone Soup version 0.19-a0-1498-g0b85ae9 (webtiles) character file.

6818 Kidiri the Thaumaturge (level 10, 0/48 (50) HPs)
             Began as a Deep Elf Fire Elementalist on Sept 9, 2016.
             Was an Elder of Vehumet.
             Killed from afar by Erica (24 damage)
             ... with a bolt of poison
             ... on level 9 of the Dungeon on Sept 10, 2016.
             The game lasted 00:37:01 (12450 turns).

Kidiri the Thaumaturge (DEFE)                      Turns: 12450, Time: 00:37:06

HP:   0/48 (50)     AC:  2    Str:  5    XL:     10   Next: 77%
MP:   22/26         EV: 15    Int: 24    God:    Vehumet [****..]
Gold: 559           SH: 10    Dex: 15    Spells: 11 memorised, 1 level left

rFire  + . .     SeeInvis +     y - +5 dagger (flame)
rCold  . . .     Gourm    .     e - +0 robe {rN+}
rNeg   + . .     Faith    .     i - +0 buckler
rPois  .         Spirit   .     (helmet restricted)
rElec  .         Dismiss  .     t - +0 cloak
rCorr  .         Reflect  +     (no gloves)
MR     +....     Harm     .     (no boots)
Stlth  +++.......               K - +5 amulet of reflection
                                E - ring of see invisible
                                B - ring of protection from fire

@: lethally poisoned (0 -> -11)
A: antennae 1, deformed body, frail 1
a: Renounce Religion


You were on level 9 of the Dungeon.
You worshipped Vehumet.
Vehumet was greatly pleased with you.
You were not hungry.

You visited 2 branches of the dungeon, and saw 10 of its levels.
You also visited: Ossuary.

You collected 559 gold pieces.

Inventory:

Hand Weapons
 y - a +5 dagger of flaming (weapon)
Armour
 e - a +0 robe of positive energy (worn)
 i - a +0 buckler (worn)
 n - a +0 helmet
 r - an ice dragon hide
 t - a +0 cloak (worn)
Magical Staves
 w - an uncursed staff of fire
Jewellery
 B - a ring of protection from fire (left hand)
 E - a ring of see invisible (right hand)
 K - a +5 amulet of reflection (around neck)
Wands
 a - a wand of disintegration (12/24)
 o - a wand of lightning (1/15)
Scrolls
 f - 3 scrolls of remove curse
 q - 3 scrolls of teleportation
 x - 4 scrolls of fear
 F - 2 scrolls of immolation
Potions
 d - a potion of might
 h - 3 potions of ambrosia {unknown}
 j - a potion of haste
 l - a potion of flight
 m - 3 potions of curing {unknown}
 p - 2 potions of invisibility {unknown}
 z - a potion of cancellation {unknown}
 A - a potion of magic
 C - 2 potions of resistance {unknown}
 D - 2 potions of lignification {unknown}
 G - 4 potions of mutation {unknown}
 I - 2 potions of brilliance {unknown}
 J - a potion of heal wounds
Books
 b - a book of Flames

   Spells                             Type                      Level
   a - Flame Tongue                   Conjuration/Fire             1
   b - Throw Flame                    Conjuration/Fire             2
   c - Conjure Flame                  Conjuration/Fire             3
   d - Inner Flame                    Hexes/Fire                   3
   e - Sticky Flame                   Conjuration/Fire             4
   f - Fireball                       Conjuration/Fire             5
 g - a book of Frost

   Spells                             Type                      Level
   a - Freeze                         Ice                          1
   b - Throw Frost                    Conjuration/Ice              2
   c - Ozocubu's Armour               Charms/Ice                   3
   d - Throw Icicle                   Conjuration/Ice              4
   e - Summon Ice Beast               Ice/Summoning                4
 s - a book of Conjurations

   Spells                             Type                      Level
   a - Magic Dart                     Conjuration                  1
   b - Searing Ray                    Conjuration                  2
   c - Dazzling Spray                 Conjuration/Hexes            3
   d - Fulminant Prism                Conjuration/Hexes            4
   e - Iskenderun's Mystic Blast      Conjuration                  4
   f - Iskenderun's Battlesphere      Conjuration/Charms           5
Comestibles
 c - 8 bread rations
 k - 11 royal jellies
 u - 2 chunks of flesh
 v - 2 meat rations
 H - 8 beef jerkies


   Skills:
 + Level 3.1 Fighting
 + Level 3.9 Short Blades
 + Level 3.0 Armour
 + Level 5.8 Dodging
 - Level 4.4 Stealth
 + Level 3.1 Shields
 * Level 10.9 Spellcasting
 + Level 5.8 Conjurations
 + Level 7.1 Fire Magic
 + Level 3.0 Ice Magic
 + Level 1.8 Air Magic
 + Level 2.9 Earth Magic
 + Level 3.4 Poison Magic
 + Level 4.1 Evocations


You had one spell level left.
You knew the following spells:

 Your Spells              Type           Power        Failure   Level  Hunger
a - Flame Tongue          Conj/Fire      #####        1%          1    None
b - Throw Flame           Conj/Fire      #####.       1%          2    None
c - Conjure Flame         Conj/Fire      #####...     1%          3    None
d - Inner Flame           Hex/Fire       ####....     1%          3    None
e - Sticky Flame          Conj/Fire      #####...     1%          4    None
f - Fireball              Conj/Fire      #####.....   3%          5    ####...
g - Sting                 Conj/Pois      ####         1%          1    None
h - Throw Frost           Conj/Ice       ####..       1%          2    None
i - Sandblast             Erth           ####..       1%          1    None
j - Stone Arrow           Conj/Erth      ####..       1%          3    None
k - Airstrike             Air            ###.......   7%          4    None


Dungeon Overview and Level Annotations

Branches:
Dungeon (9/15)             Temple (1/1) D:4            Lair (0/6) D:9
    Orc (0/2) D:9

Altars:
Ashenzari
Cheibriados
Dithmenos
Elyvilon
Fedhas
Gozag
Hepliaklqana
Kikubaaqudgha
Makhleb
Nemelex Xobeh
Okawaru
Qazlal
Ru
Sif Muna
Trog
Uskayaw
Vehumet
Xom
Yredelemnul
Zin
The Shining One

Annotations:
D:9 Erica


Innate Abilities, Weirdness & Mutations

You have a pair of small antennae on your head.
Armour fits poorly on your strangely shaped body.
You are frail. (-10% HP)


Message History

The orb of energy hits you!
Ouch! That really hurt!
The orb of energy explodes!
Erica screams, "Coming here was suicide!
For you!"
Casting: Flame Tongue
Confirm with . or Enter, or press ? or * to list all spells.
Aiming: Sticky Flame
Press: ? - help, Shift-Dir - straight line, f - Erica
Aim: Erica, wielding a scimitar of flaming and wearing a robe The sticky flame hits Erica.
Erica is lightly wounded.
Erica is covered in liquid flames!
Erica burns!
Erica barely misses you.
You hit Erica but do no damage.
Erica is lightly wounded.
Erica burns!
Erica points at you and mumbles some strange words.
The bolt of poison hits you!
You are poisoned.
Ouch! That really hurt!
You die...

#.# ##.####### #.........
#......... #)...........
### #............# #..
#.@..........# #..
#.@..........# #..
.#####............# #..
..................# #..
..####............####.รท
#..................
#............######
#..........#<..####
#..###.............
#..#...........####


You could see Erica (burning).

Vanquished Creatures
  Pikel (D:6)
  Maurice (D:8)
  Grinder (D:4)
  Sigmund (D:3)
  Grum (D:8)
  A hippogriff (D:8)
  Menkaure (D:4)
  2 soldier ants (D:8)
  A black bear (D:8)
  An ice beast (D:8)
  3 sky beasts
  2 slaves (D:6)
  6 orc warriors
  A wasp (D:8)
  3 wolves (D:8)
  5 necrophages
  3 ogres
  2 centaurs
  An elf zombie (Ossuary)
  A giant frog (D:7)
  A gnoll sergeant (D:6)
  2 wyvern skeletons
  A water moccasin zombie (D:6)
  A scorpion (D:8)
  A killer bee (D:8)
  A troll zombie (Ossuary)
  6 wights
  3 howler monkeys
  5 crimson imps
  A giant frog zombie (D:8)
  4 centaur zombies (Ossuary)
  A centaur skeleton (D:7)
  3 hounds
  9 orc wizards
  5 orc priests
  A gnoll shaman (D:6)
  A jelly (D:8)
  2 giant frog skeletons (D:8)
  4 iguanas
  Ijyb (D:2)
  10 worker ants
  A killer bee zombie (D:7)
  A hound skeleton (D:8)
  7 mummies (Ossuary)
  Robin (D:3)
  11 gnolls
  A howler monkey skeleton (D:5)
  6 adders
  5 shadow imps
  An ooze (D:3)
  5 adder zombies
  2 adder skeletons
  3 worms
  A dart slug (D:3)
  6 giant geckos
  39 orcs
  2 ball pythons
  6 giant cockroaches
  2 gnoll zombies (Ossuary)
  8 goblins
  8 hobgoblins
  4 jackals (D:7)
  5 quokkas
  3 bats
  A giant gecko skeleton (D:5)
  A giant gecko zombie (D:8)
  5 giant newts
  6 goblin zombies (Ossuary)
  3 hobgoblin zombies (Ossuary)
  2 jackal skeletons (D:4)
  2 kobolds
  3 kobold zombies (Ossuary)
  A quokka skeleton (D:8)
  4 quokka zombies (Ossuary)
  6 rats
  2 rat zombies (Ossuary)
  A bush (D:6)
266 creatures vanquished.

Vanquished Creatures (others)
  2 orc warriors (D:9)
  2 slaves (D:6)
  An orc (D:6)
  3 bushes (D:6)
  5 plants (D:6)
13 creatures vanquished.

Grand Total: 279 creatures vanquished

Notes
Turn   | Place    | Note
-------+----------+-------------------------------------------
     0 | D:1      | Kidiri the Deep Elf Fire Elementalist began the quest for the Orb.
     0 | D:1      | Reached XP level 1. HP: 10/10 MP: 6/6
   277 | D:1      | Reached XP level 2. HP: 15/15 MP: 8/8
   281 | D:1      | Learned a level 2 spell: Throw Flame
   963 | D:2      | Reached XP level 3. HP: 19/19 MP: 6/10
  1005 | D:2      | Learned a level 3 spell: Conjure Flame
  1009 | D:2      | Learned a level 3 spell: Inner Flame
  1116 | D:2      | Noticed Ijyb
  1145 | D:2      | Found a white marble altar of Elyvilon.
  1359 | D:3      | Found an iron altar of Okawaru.
  1496 | D:3      | Reached skill level 4 in Spellcasting
  1548 | D:3      | Reached XP level 4. HP: 24/24 MP: 9/12
  1560 | D:3      | Noticed Sigmund
  1763 | D:3      | Killed Sigmund
  1763 | D:3      | Reached skill level 5 in Spellcasting
  1763 | D:3      | Reached XP level 5. HP: 23/28 MP: 4/14
  1769 | D:3      | Learned a level 4 spell: Sticky Flame
  2148 | D:3      | Found a sacrificial altar of Ru.
  2201 | D:3      | Noticed Robin
  2250 | D:3      | Reached XP level 6. HP: 32/32 MP: 7/15
  2273 | D:3      | Killed Robin
  2482 | D:3      | Upgraded the game from 0.19-a0-1493-gd0fcaa6 to 0.19-a0-1498-g0b85ae9
  2508 | D:3      | Found a sparkling altar of Nemelex Xobeh.
  2823 | D:2      | Found a hide-covered altar of Uskayaw.
  2823 | D:2      | Found a burning altar of Makhleb.
  2833 | D:2      | Killed Ijyb
  2839 | D:2      | Found a glowing golden altar of the Shining One.
  3044 | D:4      | Reached skill level 6 in Spellcasting
  3301 | D:4      | Found a shimmering altar of Xom.
  3479 | D:4      | Found a staircase to the Ecumenical Temple.
  3492 | Temple   | Entered the Ecumenical Temple
  3596 | Temple   | Became a worshipper of Vehumet
  3622 | D:4      | Noticed Menkaure
  3630 | D:4      | Killed Menkaure
  3630 | D:4      | Reached skill level 5 in Fire Magic
  3630 | D:4      | Reached XP level 7. HP: 4/36 MP: 14/19
  4000 | D:4      | Noticed Grinder
  4006 | D:4      | Killed Grinder
  4006 | D:4      | Reached skill level 7 in Spellcasting
  4370 | D:4      | Learned a level 5 spell: Fireball
  4382 | D:4      | Lost strength.
  4693 | D:5      | Entered Level 5 of the Dungeon
  5027 | D:5      | Reached skill level 8 in Spellcasting
  5043 | D:5      | Reached skill level 1 in Evocations
  5046 | D:5      | Reached XP level 8. HP: 42/42 MP: 19/22
  5272 | D:5      | Found a deep blue altar of Sif Muna.
  5289 | D:5      | Reached skill level 1 in Short Blades
  5677 | D:5      | Reached skill level 1 in Shields
  5948 | D:6      | Noticed Pikel
  5958 | D:6      | Killed Pikel
  5958 | D:6      | Reached skill level 1 in Fighting
  5958 | D:6      | Reached skill level 1 in Armour
  6020 | D:6      | Reached * piety under Vehumet
  6020 | D:6      | Offered knowledge of Sting by Vehumet.
  6023 | D:6      | Learned a level 1 spell: Sting
  6303 | D:6      | Reached skill level 9 in Spellcasting
  6529 | D:6      | Reached XP level 9. HP: 48/48 MP: 13/24
  6742 | D:6      | Found a shattered altar of Ashenzari.
  6793 | D:6      | Found a sacrificial altar of Ru.
  6917 | D:6      | Found a blossoming altar of Fedhas.
  6977 | D:6      | Reached skill level 1 in Poison Magic
  6996 | D:6      | Reached skill level 5 in Conjurations
  7425 | D:6      | Learned a level 2 spell: Throw Frost
  8056 | D:7      | Found a sand-covered staircase.
  8066 | Ossuary  | Entered an ossuary
  8517 | Ossuary  | Offered knowledge of Sandblast by Vehumet.
  8525 | Ossuary  | Learned a level 1 spell: Sandblast
  8541 | Ossuary  | Reached ** piety under Vehumet
  8794 | Ossuary  | Reached skill level 10 in Spellcasting
  9094 | D:7      | Reached skill level 1 in Ice Magic
  9094 | D:7      | Reached skill level 1 in Earth Magic
  9101 | D:7      | Gained mutation: You are frail. (-10% HP) [mutagenic meat]
  9104 | D:7      | Gained mutation: Armour fits poorly on your strangely shaped body. [mutagenic meat]
  9107 | D:7      | Gained mutation: You have a pair of small antennae on your head. [mutagenic meat]
  9110 | D:7      | Gained mutation: You evolve. [mutagenic meat]
  9221 | D:7      | Offered knowledge of Stone Arrow by Vehumet.
  9229 | D:7      | Learned a level 3 spell: Stone Arrow
  9503 | D:7      | Reached skill level 5 in Dodging
 10117 | D:7      | Reached *** piety under Vehumet
 10464 | D:8      | Noticed Maurice
 10495 | D:7      | Reached XP level 10. HP: 46/46 MP: 21/26
 10577 | D:8      | Offered knowledge of Airstrike by Vehumet.
 10629 | D:8      | Lost mutation: You evolve. [evolution]
 10741 | D:8      | Noticed Grum
 10758 | D:8      | Killed Grum
 10940 | D:8      | Learned a level 4 spell: Airstrike
 11065 | D:8      | Reached **** piety under Vehumet
 11212 | D:8      | Killed Maurice
 11212 | D:8      | Reached skill level 1 in Air Magic
 11291 | D:8      | Offered knowledge of Bolt of Magma by Vehumet.
 11716 | D:9      | Found a hazy altar of Hepliaklqana.
 12207 | D:9      | Found a staircase to the Orcish Mines.
 12404 | D:9      | Found a staircase to the Lair.
 12443 | D:9      | Noticed Erica
 12450 | D:9      | Killed from afar by Erica

Vault maps used:
D:1:      lightli_arrival_chessboard
D:2:      elyvilon_altar_1, nicolae_overflow_hidden_temple, first_bread,
          uniq_iyjb
D:3:      nemelex_xobeh_ov_fountains_minmay, okawaru_gym_becter,
          marbit_many_paths, corexii_item_surrounded_by_moat, uniq_robin,
          uniq_sigmund
D:4:      lemuel_round_altar, uniq_menkaure, uniq_grinder
D:5:      led_sif_book
D:6:      fedhas_altar_decomposition, old_standard_altar,
          nicolae_ru_awakened_eye, uniq_pikel
D:7:      nicolae_ossuary_entry_monument
D:8:      minmay_tree_intersection, hangedman_pestilent_swarm, minmay_bent,
          uniq_maurice, uniq_grum
D:9:      nicolae_overflow_crystal_walls, lair_0_dummy, david_orc_4,
          uniq_joseph, uniq_erica
Temple:   compressed_dpeg_circular_temple
Ossuary:  ossuary_boxes_badplayer

Skill      XL: |  1  2  3  4  5  6  7  8  9 10 |
---------------+-------------------------------+-----
Dodging        | 3 4 5 |  5.8
Fire Magic     | 4 5 6 7 |  7.1
Stealth        | 3 4 |  4.4
Spellcasting   | 4 5 6 8 9 10 | 10.9
Conjurations   | 2 3 4 5 |  5.8
Evocations     | 1 2 3 4 |  4.1
Short Blades   | 2 3 |  3.9
Shields        | 1 2 3 |  3.1
Fighting       | 1 2 3 |  3.1
Armour         | 1 2 3 |  3.0
Poison Magic   | 2 3 |  3.4
Ice Magic      | 1 3 |  3.0
Earth Magic    | 1 2 |  2.9
Air Magic      | 1 |  1.8

Action                   |  1- 3 |  4- 6 |  7- 9 | 10-12 || total
-------------------------+-------+-------+-------+-------++-------
Melee: Dagger            |    10 |       |   101 |    59 ||   170
       Short sword       |     1 |    38 |    70 |       ||   109
       Staff             |       |       |     2 |       ||     2
 Cast: Flame Tongue      |    47 |    49 |   157 |    70 ||   323
       Conjure Flame     |       |     8 |     9 |     5 ||    22
       Inner Flame       |       |     4 |     9 |     3 ||    16
       Sticky Flame      |       |     4 |    22 |    26 ||    52
       Throw Flame       |       |     1 |    29 |    19 ||    49
       Fireball          |       |       |     1 |     4 ||     5
       Throw Frost       |       |       |     2 |     2 ||     4
       Stone Arrow       |       |       |     1 |       ||     1
       Airstrike         |       |       |       |     1 ||     1
Evoke: Wand              |       |       |     4 |       ||     4
  Use: Scroll            |     7 |     2 |    13 |     3 ||    25
       Potion            |       |     1 |       |       ||     1
 Stab: Sleeping          |     6 |     4 |    21 |     4 ||    35
  Eat: Chunk             |     2 |     7 |    20 |     7 ||    36
       Fruit             |       |       |     7 |       ||     7
Armor: Robe              |     6 |    15 |    23 |     3 ||    47
Dodge: Dodged            |    28 |    64 |   122 |    59 ||   273
Block: Buckler           |       |       |    24 |    47 ||    71
       Reflection        |       |       |       |     8 ||     8
